AoeStats
← Tilikoglu

Fortress

510162764Analyzed
4v4 RM · 1d ago on Sep 29, 2026· 70m 42s· 8 players
Game mode
Random Map
Map size
Huge
Population
200
Speed
Normal
Resources
Standard
Victory
Conquest
Starting age
Dark Age
Ending age
Imperial Age
RankedLock teamsTeams togetherTeam positionsShared explorationLock speedFull tech treeHidden civsTurbo modeCheats
Victory
Defeat
🇩🇪 Varangians · Germany
1689
+15
🇩🇪 Saxons · Germany
1678
+16
🇹🇷 Huns · Türkiye
1591
+19
🇩🇪 Danes · Germany
1450
+25
🇹🇷 Bohemians · Türkiye
1687
-20
🇨🇳 Maya · China
1663
-19
🇹🇷 Mongols · Türkiye
1652
-18
🇹🇷 Varangians · Türkiye
1643
-18
Bz_青红
7:37 Feudal Age
11:19 Castle Age
9:06 Double-Bit Axe
9:18 Horse Collar
12:24 Bow Saw
13:45 Gold Mining
15:06 Loom
17:08 Wheelbarrow
22:39 Imperial Age
20:34 Fletching
22:14 Bodkin Arrow
23:43 Conscription
24:34 Chemistry
24:45 Elite Plumed Archer
25:49 Bracer
27:57 Padded Archer Armor
27:58 Squires
27:44 Arson
28:05 Thumb Ring
30:12 Ballistics
29:52 Pikeman
30:33 Scale Mail Armor
30:50 Leather Archer Armor
30:13 Capped Ram
32:03 Siege Ram
34:15 Treadmill Crane
36:03 Hand Cart
36:20 Ring Archer Armor
36:50 Eagle Warrior
38:01 Holcans
37:33 Scale Mail Armor
37:43 Forging
39:15 Hul'che Javelineers
39:32 Chain Mail Armor
40:51 Plate Mail Armor
43:06 Iron Casting
44:31 Halberdier
60:55 Elite Skirmisher
69:08 Blast Furnace
USTA
7:10 Feudal Age
11:06 Castle Age
9:24 Double-Bit Axe
10:05 Horse Collar
11:56 Bow Saw
18:40 Redemption
18:53 Sanctity
19:18 Fervor
19:45 Loom
31:29 Fletching
32:55 Wheelbarrow
32:21 Heavy Plow
33:37 Fortified Wall
42:12 Imperial Age
40:07 Scale Mail Armor
40:17 Forging
42:10 Pikeman
42:51 Squires
44:13 Padded Archer Armor
44:29 Chain Mail Armor
44:49 Iron Casting
46:21 Plate Mail Armor
48:11 Hand Cart
51:28 Halberdier
52:45 Iron Casting
56:10 Two-Man Saw
62:24 Caravan
64:02 Blast Furnace
66:36 Bodkin Arrow
67:11 Ballistics
67:51 Chemistry
67:19 Bracer
67:20 Padded Archer Armor
67:31 Masonry
67:17 Murder Holes
68:28 Conscription
Sekov
7:34 Feudal Age
8:08 Double-Bit Axe
11:26 Castle Age
9:15 Horse Collar
12:29 Wheelbarrow
12:28 Bow Saw
12:19 Heavy Plow
18:07 Hand Cart
17:38 Loom
17:40 Town Watch
20:01 Stone Mining
20:03 Gold Mining
22:17 Stone Shaft Mining
25:47 Imperial Age
23:34 Fletching
24:34 Bodkin Arrow
24:53 Bloodlines
24:43 Husbandry
25:04 Padded Archer Armor
26:04 Ballistics
25:50 Thumb Ring
26:34 Bracer
27:36 Chemistry
27:02 Parthian Tactics
26:59 Conscription
27:38 Gold Shaft Mining
27:57 Leather Archer Armor
28:02 Masonry
27:37 Elite Mangudai
28:48 Scale Barding Armor
30:16 Chain Barding Armor
29:42 Capped Ram
30:05 Light Cavalry
30:34 Siege Ram
31:35 Heavy Camel Rider
34:37 Forging
36:34 Iron Casting
38:44 Blast Furnace
40:03 Coinage
39:44 Siege Engineers
40:14 Drill
43:22 Murder Holes
44:38 Banking
44:09 Caravan
46:26 Hoardings
48:56 Hussar
50:41 Guard Tower
58:18 Scale Mail Armor
61:46 Nomads
lalalalala
7:37 Feudal Age
11:09 Castle Age
8:57 Horse Collar
9:21 Double-Bit Axe
12:21 Bow Saw
15:09 Wheelbarrow
14:28 Gold Mining
14:46 Heavy Plow
18:55 Hand Cart
19:11 Gold Mining
20:12 Stone Mining
25:03 Imperial Age
22:22 Loom
23:00 Squires
22:46 Gambesons
22:47 Arson
23:07 Scale Mail Armor
23:19 Forging
23:47 Town Watch
24:45 Chain Mail Armor
25:20 Elite Varangian Guard
26:33 Plate Mail Armor
26:39 Iron Casting
25:42 Gothikon
26:44 Conscription
28:18 Iron Casting
30:56 Blast Furnace
31:26 Coinage
35:37 Fletching
36:28 Bodkin Arrow
37:25 Ballistics
39:16 Chemistry
41:47 Bracer
44:25 Caravan
49:33 Two-Man Saw
49:08 Crop Rotation
63:42 Masonry
63:13 Treadmill Crane
65:29 Architecture
66:59 Siege Engineers
OIDA | Tasty
7:02 Feudal Age
11:04 Castle Age
9:18 Double-Bit Axe
9:14 Horse Collar
12:42 Bow Saw
12:41 Heavy Plow
13:44 Wheelbarrow
16:20 Scale Mail Armor
24:45 Loom
25:36 Atonement
28:31 Imperial Age
25:53 Clerical Recruitment
28:41 Squires
28:57 Chain Mail Armor
28:53 Forging
28:49 Elite Varangian Guard
30:16 Fletching
31:05 Block Printing
32:42 Conscription
33:49 Hand Cart
34:29 Plate Mail Armor
34:35 Iron Casting
33:55 Bodkin Arrow
33:58 Gambesons
34:18 Capped Ram
34:28 Shield Wall
35:52 Siege Engineers
35:59 Masonry
37:39 Bracer
38:07 Arson
38:12 Siege Ram
40:01 Caravan
42:01 Elite Hearth Troop
43:37 Padded Archer Armor
46:07 Coinage
46:56 Two-Man Saw
46:30 Crop Rotation
46:47 Hoardings
47:22 Chemistry
46:51 Ballistics
47:06 Fortified Wall
50:16 Architecture
54:19 Leather Archer Armor
54:02 Crossbowman
54:48 Thumb Ring
54:48 Murder Holes
54:41 Arbalester
56:08 Ring Archer Armor
60:06 Banking
60:39 Guard Tower
60:35 Arrowslits
Chainy555
7:15 Feudal Age
11:26 Castle Age
12:17 Horse Collar
12:24 Double-Bit Axe
13:30 Bow Saw
17:27 Heavy Plow
20:05 Wheelbarrow
19:20 Loom
21:31 Gold Mining
26:21 Imperial Age
24:09 Hand Cart
23:39 Town Watch
23:56 Scale Mail Armor
24:06 Forging
23:59 Squires
23:44 Arson
26:10 Chain Mail Armor
26:32 Iron Casting
25:53 Hamask
26:26 Onager
27:59 Conscription
28:18 Elite Jomsviking
29:29 Plate Mail Armor
29:13 Siege Engineers
32:59 Blast Furnace
32:09 Northmen's Fury
37:02 Murder Holes
38:44 Caravan
38:47 Siege Onager
44:02 Ballistics
43:33 Fletching
44:44 Chemistry
45:00 Capped Ram
48:16 Elite Varangian Guard
49:30 Gambesons
53:20 Siege Ram
55:24 Masonry
58:43 Hoardings
59:27 Bodkin Arrow
59:38 Scale Barding Armor
59:33 Padded Archer Armor
Tilikoglu
8:00 Feudal Age
11:38 Castle Age
9:45 Double-Bit Axe
9:58 Horse Collar
13:17 Wheelbarrow
15:05 Bow Saw
18:28 Heavy Plow
18:23 Gold Mining
20:30 Loom
21:01 Hand Cart
20:32 Town Watch
23:16 Gold Shaft Mining
25:44 Imperial Age
23:47 Scale Barding Armor
23:52 Forging
23:49 Marauders
24:59 Chain Barding Armor
24:53 Bloodlines
24:44 Husbandry
24:51 Stone Mining
26:04 Iron Casting
25:53 Elite Tarkan
26:53 Conscription
27:10 Plate Barding Armor
29:54 Blast Furnace
29:47 Light Cavalry
32:10 Hussar
41:41 Coinage
41:12 Caravan
41:23 Guilds
44:26 Two-Man Saw
43:31 Town Patrol
54:09 Banking
Peter_Pahn
7:33 Feudal Age
11:12 Castle Age
9:02 Horse Collar
9:32 Double-Bit Axe
12:30 Bow Saw
14:26 Heavy Plow
16:20 Loom
17:41 Wheelbarrow
18:58 Hand Cart
24:31 Imperial Age
23:01 Scale Barding Armor
23:02 Gold Mining
24:04 Chain Barding Armor
24:02 Stone Mining
24:48 Bloodlines
24:52 Forging
25:05 Masonry
26:10 Plate Barding Armor
27:53 Conscription
29:32 Architecture
30:11 Fletching
31:20 Iron Casting
30:12 Light Cavalry
31:10 Cavalier
31:31 Vendel Legacy
37:31 Caravan
48:39 Blast Furnace
47:55 Husbandry
53:29 Hussar
53:54 Elite Skirmisher
54:38 Padded Archer Armor
55:25 Bodkin Arrow
55:46 Leather Archer Armor
55:10 Heavy Mounted Crossbowman
56:45 Ballistics
57:27 Chemistry
55:55 Capped Ram
56:11 Cranequins
57:34 Bracer
58:04 Ring Archer Armor
60:31 Crop Rotation
61:02 Two-Man Saw
60:18 Guilds
62:03 Siege Ram
68:39 Treadmill Crane
69:05 Siege Engineers
Connection lost

Rejoining the realm…

Still unreachable

The connection could not be restored.

Session expired

The server has moved on; the page needs a fresh start.